 Dungeon Crawl Stone Soup version 0.17-a0-1731-g129c023 (webtiles) character file.

5224 kae the Grappler (level 10, 0/92 HPs)
             Began as a Troll Fighter on Aug 29, 2015.
             Was an Elder of Okawaru.
             Slain by Psyche
             ... wielding a +1 dagger of chaos
              (6 damage)
             ... while paralysed by something
             ... on level 9 of the Dungeon.
             The game lasted 00:09:04 (6114 turns).

kae the Grappler (Troll Fighter)                    Turns: 6114, Time: 00:09:05

Health: 0/92       AC:  6    Str: 29    XL:     10   Next: 35%
Magic:  18/18      EV:  1    Int:  7    God:    Okawaru [****..]
Gold:   495        SH:  0    Dex:  9    Spells: 0 memorised, 9 levels left

rFire  . . .     SeeInvis .       - Unarmed
rCold  . . .     Clarity  .     u - +0 robe of the Heavens {Regen+ MP+9 Str+3} (curse)
rNeg   . . .     SustAt   .     b - +0 shield
rPois  +         Gourm    +     (helmet restricted)
rElec  .         Spirit   .     t - +0 cloak
rCorr  .         Warding  .     (gloves unavailable)
rMut   .         Stasis   .     (boots unavailable)
MR     .....                    (no amulet)
Stlth  +.........               (no ring)
                                B - ring of poison resistance

@: paralysed, not resistant to hostile enchantments, very unstealthy
A: unfitting armour, claws 3, fast metabolism 3, gourmand, regeneration 2,
shaggy fur 1, tough skin 2
a: Heroism, Renounce Religion


You were on level 9 of the Dungeon.
You worshipped Okawaru.
Okawaru was greatly pleased with you.
You were not hungry.

You visited 2 branches of the dungeon, and saw 10 of its levels.

You collected 495 gold pieces.

Inventory:

Armour
 a - a +0 robe
 b - a +0 shield (worn)
 t - a +0 cloak (worn)
 u - the cursed +0 robe of the Heavens (worn) {Regen+ MP+9 Str+3}
   (You found it on level 4 of the Dungeon)

   It affects your strength (+3).
   It affects your magic capacity (+9).
   It increases your rate of regeneration.
   It has a curse placed upon it.
 y - the +2 hat of the High Council {Archmagi, Wiz- Stlth-}
   (You found it on level 6 of the Dungeon)

   It makes you less stealthy.
Jewellery
 B - a ring of poison resistance (left claw)
Magical devices
 c - a wand of digging (11)
 o - a wand of fireball (6)
Scrolls
 e - 13 scrolls of identify
 f - 2 scrolls of amnesia
 g - 2 scrolls of teleportation
 i - 6 scrolls of remove curse {unknown}
 l - a scroll of random uselessness {unknown}
 m - 4 scrolls of enchant weapon {unknown}
 n - a scroll of fog {unknown}
 r - 2 scrolls of recharging {unknown}
 v - a scroll of blinking {unknown}
 w - a scroll of noise {unknown}
 D - 2 scrolls of enchant armour {unknown}
Potions
 h - 5 potions of curing
 p - a potion of brilliance
 s - a potion of might
 x - 2 potions of flight {unknown}
 z - a potion of magic {unknown}
 A - a potion of berserk rage
Books
 C - an Akashic Record

   Spells                             Type                      Level
   a - Dispersal                      Translocation                6
   b - Controlled Blink               Translocation                7
   c - Malign Gateway                 Summoning/Translocation      7
   d - Disjunction                    Translocation                8
Comestibles
 d - 11 bread rations
 j - 3 meat rations
 k - 2 slices of pizza
 q - 9 fruits


   Skills:
 + Level 3.9 Fighting
 + Level 3.9 Dodging
 - Level 2.4 Shields
 - Level 14.0 Unarmed Combat


You had 9 spell levels left.
You didn't know any spells.

Dungeon Overview and Level Annotations

Branches:
Dungeon (9/15)             Temple (1/1) D:5
   Lair: D:8-11         Orc: D:9-12

Altars:
Ashenzari
Cheibriados
Dithmenos
Elyvilon
Fedhas
Gozag
Kikubaaqudgha
Nemelex Xobeh
Okawaru
Qazlal
Ru
Trog
Xom
Yredelemnul
The Shining One

Shops:
D:8 *

Annotations:
D:5 2 exclusions
D:9 Psyche


Innate Abilities, Weirdness & Mutations

You are too large for most types of armour.
You have claws for hands.
Your metabolism is lightning-fast.
You like to eat raw meat.
You heal very quickly.
You are covered in fur (AC +1).
You have very tough skin (AC +2).


Message History

The scorpion is lightly wounded.
Something hits you.
* * * LOW HITPOINT WARNING * * *
You block the scorpion's attack.
You hear some strange, mumbled words.
A puff of flame appears from out of thin air!
The puff of flame hits you!
* * * LOW HITPOINT WARNING * * *
You completely miss the scorpion.
The scorpion is lightly wounded.
You hear some strange, mumbled words.
A puff of flame appears from out of thin air!
The puff of flame misses you.
You mangle the scorpion!!
You kill the scorpion!
Okawaru accepts your kill. Something hits you!
* * * LOW HITPOINT WARNING * * *
You suddenly lose the ability to move!
Something hits you.
You die...

#+########
..........#
..........#
........(.#
........@.#
..........#
..........#
..........#
######'###
###.# #<..#
####.#####
#........#


There were no monsters in sight!

Vanquished Creatures
  An unseen horror (D:7)
  Pikel (D:8)
  The ghost of kae the Chopper, an average HOFi (D:4)
  Grinder (D:6)
  A spriggan (D:7)
  Menkaure (D:7)
  A water moccasin (D:6)
  Edmund (D:5)
  4 sky beasts
  6 ogres
  3 orc warriors
  Purgy (D:3)
  2 slaves (D:8)
  2 ice beasts
  A phantom (D:5)
  A centaur (D:6)
  A gnoll sergeant (D:6)
  4 giant frogs
  A water moccasin zombie (D:5)
  5 scorpions
  A wight (D:6)
  A crimson imp (D:8)
  4 orc priests
  A jelly (D:7)
  5 hounds
  Ijyb (D:3)
  2 worker ants (D:8)
  Natasha (D:3)
  4 orc wizards
  An iguana (D:4)
  A hound skeleton (D:6)
  22 gnolls
  3 river rats (D:5)
  8 adders
  An adder skeleton (D:6)
  3 worms
  21 orcs
  8 giant cockroaches
  4 goblins
  7 hobgoblins
  14 jackals
  8 kobolds
  2 quokkas
  6 bats
  3 giant geckos
  A giant gecko zombie (D:7)
  6 giant newts
  A quokka skeleton (D:7)
  A quokka zombie (D:5)
  8 rats
188 creatures vanquished.

Vanquished Creatures (others)
  A giant gecko zombie (D:8)
1 creature vanquished.

Grand Total: 189 creatures vanquished

Notes
Turn   | Place    | Note
--------------------------------------------------------------
     0 | D:1      | kae the Troll Fighter began the quest for the Orb.
     0 | D:1      | Reached XP level 1. HP: 22/22 MP: 0/0
   209 | D:1      | Reached XP level 2. HP: 29/29 MP: 1/1
   347 | D:1      | Reached skill level 3 in Unarmed Combat
   498 | D:2      | Reached XP level 3. HP: 18/36 MP: 2/2
   816 | D:2      | Reached skill level 4 in Unarmed Combat
   946 | D:2      | Reached XP level 4. HP: 25/44 MP: 3/3
   956 | D:2      | Reached skill level 5 in Unarmed Combat
  1275 | D:3      | Found a faded altar to an unknown god.
  1303 | D:3      | Reached XP level 5. HP: 50/50 MP: 4/4
  1385 | D:3      | Noticed Purgy
  1387 | D:3      | Noticed Ijyb
  1416 | D:3      | Killed Purgy
  1416 | D:3      | Reached skill level 6 in Unarmed Combat
  1425 | D:3      | Killed Ijyb
  1425 | D:3      | Reached XP level 6. HP: 36/59 MP: 5/5
  1819 | D:3      | Noticed Natasha
  1826 | D:3      | Killed Natasha
  2065 | D:4      | Reached skill level 7 in Unarmed Combat
  2077 | D:4      | Noticed kae's ghost (average HOFi)
  2099 | D:4      | Killed kae's ghost
  2099 | D:4      | Reached skill level 8 in Unarmed Combat
  2099 | D:4      | Reached XP level 7. HP: 14/66 MP: 6/6
  2485 | D:4      | Got a heavy robe
  2496 | D:4      | Identified the cursed +0 robe of the Heavens {Regen+ MP+9 Str+3} (You found it on level 4 of the Dungeon)
  2510 | D:5      | Entered Level 5 of the Dungeon
  2592 | D:5      | Reached skill level 9 in Unarmed Combat
  2691 | D:5      | Found a staircase to the Ecumenical Temple.
  2700 | Temple   | Entered the Ecumenical Temple
  2704 | Temple   | Reached XP level 8. HP: 69/74 MP: 7/7
  2729 | Temple   | Became a worshipper of Warmaster Okawaru
  3084 | D:5      | Reached skill level 10 in Unarmed Combat
  3298 | D:5      | Noticed Edmund
  3307 | D:5      | Killed Edmund
  3549 | D:5      | Noticed a moth of wrath
  3552 | D:5      | Found a bloodstained altar of Trog.
  3744 | D:6      | Acquired Okawaru's first power
  3744 | D:6      | Reached skill level 11 in Unarmed Combat
  4095 | D:6      | Reached XP level 9. HP: 73/80 MP: 8/8
  4142 | D:6      | Reached skill level 12 in Unarmed Combat
  4258 | D:6      | Noticed Grinder
  4265 | D:6      | Paralysed by Grinder for 2 turns
  4275 | D:6      | Killed Grinder
  4366 | D:6      | Found a snail-covered altar of Cheibriados.
  4417 | D:7      | Found a sacrificial altar of Ru.
  4462 | D:7      | Found an opulent altar of Gozag.
  4508 | D:7      | Reached skill level 13 in Unarmed Combat
  4719 | D:7      | Noticed Menkaure
  4732 | D:7      | Killed Menkaure
  4760 | D:7      | Found an ancient bone altar of Kikubaaqudgha.
  4761 | D:7      | Found a blossoming altar of Fedhas.
  5229 | D:7      | Killed an unseen horror
  5229 | D:7      | Reached skill level 14 in Unarmed Combat
  5229 | D:7      | Reached XP level 10. HP: 51/88 MP: 9/9
  5295 | D:8      | Noticed Pikel
  5333 | D:8      | Found a basalt altar of Yredelemnul.
  5515 | D:8      | Found Sates's General Store.
  5729 | D:8      | Killed Pikel
  6096 | D:9      | Noticed Psyche
  6114 | D:9      | Paralysed by something for 7 turns
  6114 | D:9      | Slain by Psyche

Vault maps used:
D:1:      minmay_arrival_checkered_box, st_stairs_8, minmay_curled_crystal
D:2:      cheibrodos_gnoll_hut
D:3:      ecumenical_altar_1, uniq_purgy, uniq_natasha, uniq_iyjb
D:4:      first_bread, minmay_misc_feat_chi
D:5:      wad_woods_settlement, tgw_trog, minmay_temple_entry_mist,
          kennysheep_generic_room_13, uniq_edmund
D:6:      kennysheep_mini, corexii_hall_statues_x, hangedman_minor_gate_pass,
          uniq_grinder
D:7:      lemuel_round_altar, grunt_temple_overflow_growth_and_decay,
          nicolae_overflow_crystal_walls, the_bakery, uniq_menkaure
D:8:      lemuel_crystal_altar, serial_shops, shop, uniq_pikel
D:9:      grunt_temple_overflow_lords_of_destruction, lemuel_blue_sif_altar,
          zin_statuary, zombieorc2_lemuel, serial_shops, nicolae_shop_stone,
          uniq_psyche
Temple:   nicolae_temple_no_exploring_needed

Action                   |  1- 3 |  4- 6 |  7- 9 | 10-12 || total
-------------------------+-------+-------+-------+-------++-------
Melee: Unarmed           |   104 |   142 |   291 |    89 ||   626
  Use: Potion            |       |     5 |     3 |       ||     8
       Scroll            |       |       |     3 |     1 ||     4
 Stab: Sleeping          |       |       |     1 |     1 ||     2
  Eat: Chunk             |    14 |     8 |    24 |     7 ||    53
       Bread ration      |       |       |       |     1 ||     1
